 Seeded DCSS version 0.29-a0-321-gf1c400731a (webtiles) character file.

Game seed: 20220404 (custom seed)

275 a11behringer the Chopper (level 6, -3/53 HPs)
             Began as a Draconian Berserker on Apr 4, 2022.
             Was a Follower of Trog.
             Slain by Grinder (5 damage)
             ... on level 4 of the Dungeon.
             The game lasted 00:06:31 (3942 turns).

a11behringer the Chopper (Draconian Berserker)      Turns: 3942, Time: 00:06:32

Health: -3/53      AC:  6    Str: 22    XL:     6   Next: 3%
Magic:  6/6        EV: 16    Int:  7    God:    Trog [*.....]
Gold:   166        SH:  5    Dex: 10    Spells: 5/5 levels left

rFire   . . .      SeeInvis .   a - +0 hand axe
rCold   . . .      Faith    .   (no shield)
rNeg    . . .      Spirit   .   (body armour unavailable)
rPois   .          Reflect  +   (helmet restricted)
rElec   .          Harm     .   (no cloak)
rCorr   .          Rampage  .   (no gloves)
Will    .....                   (no boots)
Stlth   +.........              e - amulet of reflection
HPRegen 0.17/turn               A - +4 ring of evasion
MPRegen 0.10/turn               (no ring)

@: mighty, on berserk cooldown, slowed, very slow
A: AC +6, unfitting armour, cold-blooded
a: Renounce Religion, Berserk


You were on level 4 of the Dungeon.
You worshipped Trog.
Trog was aware of your devotion.
You visited 1 branch of the dungeon, and saw 4 of its levels.

You collected 166 gold pieces.

Inventory:

Hand Weapons
 a - a +0 hand axe (weapon)
 x - a +0 glaive
Jewellery
 e - an amulet of reflection (around neck)
 u - an amulet of faith
 A - a +4 ring of evasion (left hand)
Wands
 z - a wand of iceblast (3)
Scrolls
 b - a scroll of enchant armour {unknown}
 c - 4 scrolls of identify {unknown}
 l - 2 scrolls of holy word {unknown}
 m - a scroll of vulnerability {unknown}
 n - a scroll of fog {unknown}
 o - a scroll of teleportation {unknown}
 q - a scroll of silence {unknown}
 r - a scroll of acquirement {unknown}
 w - a scroll of enchant weapon {unknown}
 y - a scroll of immolation {unknown}
Potions
 d - 2 potions of might
 f - 2 potions of brilliance {unknown}
 g - 2 potions of lignification {unknown}
 h - a potion of flight {unknown}
 i - 2 potions of curing {unknown}
 j - a potion of berserk rage {unknown}
 k - 2 potions of mutation {unknown}
 p - a potion of attraction {unknown}
 s - a potion of ambrosia {unknown}
 t - a potion of degeneration {unknown}
 v - a potion of magic {unknown}


   Skills:
 + Level 4.4 Fighting
 * Level 5.2 Axes
 + Level 3.9 Dodging
 + Level 0.2 Stealth


You had 5 spell levels left.
You didn't know any spells.
Your spell library was empty.

Dungeon Overview and Level Annotations

Branches:
Dungeon (4/15)
 Temple: D:4-7

Altars:

Shops:
D:1 *   D:3 :

Annotations:
D:4 Grinder


Innate Abilities, Weirdness & Mutations

Your plain brown scales are hard. (AC +6)
You cannot fit into any form of body armour.
You are cold-blooded and may be slowed by cold attacks.


Message History

Grinder gestures at you. Pain shoots through your body!
Grinder barely misses you. x2
Grinder hits you.
You writhe in agony.
Grinder hits you.
You writhe in agony.
You can move again.
Okay, then.
You barely miss Grinder.
Grinder is heavily wounded.
You block Grinder's attack. Grinder barely misses you.
You barely miss Grinder.
Grinder is heavily wounded.
Grinder closely misses you.
You completely miss Grinder.
Your tail-slap misses Grinder.
Your punch misses Grinder.
Grinder is heavily wounded.
Grinder hits you. Grinder closely misses you.
You hit Grinder.
Your tail-slap misses Grinder.
Grinder is heavily wounded.
You block Grinder's attack.
You slash Grinder!
Your tail-slap misses Grinder.
Grinder is severely wounded.
Grinder misses you. Grinder gestures at you. Pain shoots through your body!
You barely miss Grinder.
Grinder is severely wounded.
Grinder barely misses you.
You hit Grinder.
Grinder is severely wounded.
Grinder closely misses you. Grinder hits you!
* * * LOW HITPOINT WARNING * * *
You writhe in agony.
* * * LOW HITPOINT WARNING * * *
It was a potion of might.
You feel very mighty all of a sudden. Grinder hits you!
* * * LOW HITPOINT WARNING * * *
You writhe in agony.
You die...

#### #..#######
# #..# # #..# #
#.#### #
##†#[.##### #
#.).......## .
#..........# .
##..........#
#....@.......
#......5......
#..............
##.............
#.............
##.......[?...
#............
#.......$...#


You could see Grinder.

Vanquished Creatures
  A black bear (D:4)
  An orc priest (D:4)
  An orc wizard (D:4)
  Natasha (D:4)
  4 adders
  A dart slug (D:2)
  2 worms (D:3)
  4 orcs
  4 bats
  2 endoplasms (D:2)
  2 giant cockroaches
  8 goblins
  4 hobgoblins
  9 kobolds
  5 quokkas
  4 ball pythons
  2 frilled lizards
  7 rats
62 creatures vanquished.

Notes
Turn   | Place    | Note
-------+----------+-------------------------------------------
     0 | D:1      | a11behringer the Draconian Berserker began the quest for
                  | the Orb.
     0 | D:1      | Reached XP level 1. HP: 19/19 MP: 1/1
   239 | D:1      | Found a faded altar of an unknown god.
   309 | D:1      | Reached XP level 2. HP: 20/26 MP: 2/2
   479 | D:1      | Found Goapadgh's Assorted Antiques.
  1795 | D:2      | Reached XP level 3. HP: 33/33 MP: 3/3
  2207 | D:2      | Reached skill level 4 in Axes
  2604 | D:3      | Found Omots's Book Boutique.
  2874 | D:3      | Reached XP level 4. HP: 37/40 MP: 4/4
  2877 | D:3      | Reached ** piety under Trog
  3583 | D:4      | Reached XP level 5. HP: 29/46 MP: 5/5
  3851 | D:4      | Noticed Natasha
  3863 | D:4      | Killed Natasha
  3910 | D:4      | Noticed a black bear
  3920 | D:4      | Killed a black bear
  3921 | D:4      | Reached skill level 5 in Axes
  3921 | D:4      | Reached XP level 6. HP: 53/53 MP: 6/6
  3924 | D:4      | Noticed Grinder
  3930 | D:4      | Paralysed by Grinder for 5 turns
  3942 | D:4      | HP: 2/53 [Grinder (8)]
  3942 | D:4      | Slain by Grinder

Illustrated notes

Levels and vault maps discovered:
D:1:      elethiomel_arrival_quiet, layout_basic, ebering_ecumenical_altar_mist,
          serial_shops, nicolae_lakefront_shop, minmay_cut_off
D:2:      layout_basic
D:3:      layout_basic, serial_shops, shop
D:4:      layout_cave_pods, grunt_temple_overflow_open, uniq_grinder,
          uniq_natasha, uniq_duvessa

Skill      XL: |  1  2  3  4  5 |
---------------+----------------+-----
Dodging        | 3 |  3.9
Axes           | 4 5 |  5.2
Fighting       | 4 |  4.4
Stealth        | |  0.2

Action                   |  1- 3 |  4- 6 || total
-------------------------+-------+-------++-------
Melee: Hand axe          |   137 |    81 ||   218
       Tailslap          |    14 |    10 ||    24
       Punch             |     1 |     1 ||     2
Invok: Trog's Hand       |       |     3 ||     3
       Berserk           |       |     1 ||     1
  Use: Potion            |       |     1 ||     1
Armor: Skin              |    45 |    20 ||    65
Dodge: Dodged            |    82 |    55 ||   137
Block: Other             |       |     5 ||     5

Table legend: (Time is in decaauts)
 A = Elapsed time spent in this place.
 B = Non-inter-level travel time spent in this place.
 C = Inter-level travel time spent in this place.
 D = Time resting spent in this place.
 E = Time spent auto-exploring this place.
 F = Levels seen in this place.
 G = Mean time per level.
                   A        B        C        D        E       F      G
               +--------+--------+--------+--------+--------+-----+--------+
         Total |   3967 |   3821 |    146 |      0 |   3297 |   4 |  991.8 |
       Dungeon |   3967 |   3821 |    146 |      0 |   3297 |   4 |  991.8 |
               +--------+--------+--------+--------+--------+-----+--------+

Top non-repeatable levels by time:
     D:1: 1353 daAuts
     D:2: 1230 daAuts
     D:3: 989 daAuts
     D:4: 393 daAuts
